[Event "67th Mexican-ch Open 2022"]
[Site "Chihuahua"]
[Date "2022.04.14"]
[Round "2.7"]
[White "Salinas Herrera, Pablo"]
[Black "Lopez Raygoza, Luis Alberto"]
[Result "1-0"]
[ECO "B31"]
[WhiteElo "2517"]
[BlackElo "2207"]
[Annotator "TA"]
[PlyCount "97"]
[EventDate "2022.04.12"]
[EventType "swiss"]
[EventCountry "MEX"]
[SourceTitle "playchess.com"]
[Source "ChessBase"]
[SourceQuality "1"]
[TimeControl "5400+30"]

1. e4 c5 2. Nf3 Nc6 3. Bb5 g6 4. Bxc6 bxc6 5. O-O Bg7 6. Re1 Rb8 {[%emt 0:00:32] B31: Sicilian: 2...Nc6 3 Bb5 g6.} 7. c3 d6 {[%emt 0:00:18] [#]} 8. Qa4 $146 ({Predecessor:} 8. h3 Nf6 9. d4 cxd4 10. cxd4 O-O 11. Nc3 Nd7 12. b3 Bb7 13. Be3 Rc8 14. Rc1 {½-½ (61) Ni,S (2315)-Ushenina,A (2441) China 2015}) 8... Qb6 (8... Qc7 $1 $11) 9. e5 $14 d5 10. d4 c4 (10... cxd4 $142 11. cxd4 h5) 11. Nbd2 Nh6 12. b3 cxb3 13. axb3 a6 14. Ba3 Qb7 15. b4 Bf5 16. Bc1 Bd3 17. Nb3 Bb5 18. Qa5 O-O 19. Nc5 Qc8 20. e6 (20. Nxa6 $2 Ra8 21. Qb6 (21. Bxh6 $2 Rxa6 22. Qxa6 Bxa6 $19) 21... Rxa6 $19) 20... f6 21. Nd7 (21. Nxa6 $2 Ra8 22. Qb6 (22. Bxh6 $2 Rxa6 23. Bxg7 Rxa5 $19) 22... Rxa6 $19) 21... Nf5 22. Bf4 ({Don't do} 22. Nxf8 Bxf8 23. Qa2 Rb7) 22... Rb7 23. Nxf8 Bxf8 24. Nd2 ({Don't play} 24. g4 $6 Ng7 $14) 24... Ng7 25. Nb3 {[%emt 0:00:45] Strongly threatening Nc5.} Nxe6 26. Bg3 Kf7 (26... Ra7 $142) 27. Qa2 Bh6 28. Na5 Rd7 29. c4 ({Better is} 29. f3) 29... dxc4 $16 {[%emt 0:00:00] [#]} 30. Rad1 Rxd4 (30... Nxd4 $2 31. Nxc4 e6 32. Nb6 Ne2+ {[#]} 33. Qxe2 $1 Bxe2 34. Rxd7+ (34. Nxc8 $2 {is the wrong capture.} Rxd1 35. Rxd1 Bxd1 $19) 34... Qxd7 35. Nxd7 $18) 31. Rxd4 Nxd4 32. Nxc4 Bxc4 33. Qxc4+ Ne6 34. h3 {[%emt 0:01:25] aiming for Ra1.} Qd7 35. Qxa6 Qd5 36. Qe2 Bf8 37. Qd1 {[%emt 0:13:45] Hoping for Qxd5.} Nd4 38. f4 (38. Qa4 $16) 38... e6 $11 39. Qa4 Nf5 (39... Qc4 $1 $14) 40. Bf2 $16 Be7 41. Qa7 Kg8 $2 {[%emt 0:00:00][%mdl 8192] Black cannot hold the game after this.} (41... Qd2 $16) 42. g4 $18 Bxb4 43. Qb8+ Bf8 44. gxf5 Qxf5 45. Rd1 (45. Ra1 $142 Qxh3 46. Ra8 Qg4+ 47. Kh2 Qh5+ 48. Kg3 Qh6 49. Bc5 g5 50. Qxf8+ Qxf8 51. Rxf8+ Kg7 52. Re8) 45... Qxh3 {[%emt 0:00:30] White is clearly winning.} 46. Rd8 {[%emt 0:00:04] White threatens Qd6 and mate. Active counter play!} Qg4+ 47. Kf1 (47. Kh2 $142 Kg7 48. Rxf8) 47... Qh3+ 48. Ke2 Qh5+ 49. Ke1 {[%emt 0:00:21] Weighted Error Value: White=0.13 (very precise) /Black=0.54} 1-0

[Event "67th Mexican-ch Open 2022"]
[Site "Chihuahua"]
[Date "2022.04.14"]
[Round "2.7"]
[White "Flores Teillery, Alejandro Francisco "]
[Black "Salinas Herrera, Pablo"]
[Result "*"]
[WhiteElo "1879"]
[BlackElo "2517"]
[Annotator "TA"]
[PlyCount "15"]
[EventDate "2022.04.12"]
[EventType "swiss"]
[EventCountry "MEX"]
[SourceTitle "playchess.com"]
[Source "ChessBase"]
[SourceQuality "1"]
[TimeControl "5400+30"]

1. e4 c5 2. Nf3 Nc6 3. Bb5 g6 4. Bxc6 bxc6 5. O-O Bg7 6. Re1 Rb8 {[%emt 0:00:32] B31: Sicilian: 2...Nc6 3 Bb5 g6.} 7. c3 d6 {[%emt 0:00:18] [#]} 8. Qa4 $146 (8. e5 $14) ({Predecessor:} 8. h3 Nf6 9. d4 cxd4 10. cxd4 O-O 11. Nc3 Nd7 12. b3 Bb7 13. Be3 Rc8 14. Rc1 {½-½ (61) Ni,S (2315)-Ushenina,A (2441) China 2015}) *

[Event "67th Mexican-ch Open 2022"]
[Site "Chihuahua"]
[Date "2022.04.14"]
[Round "2.8"]
[White "Flores Guerrero, Jesus Aldair"]
[Black "Quesada Perez, Luis Ernesto"]
[Result "0-1"]
[ECO "A20"]
[WhiteElo "2251"]
[BlackElo "2517"]
[Annotator "TA"]
[PlyCount "72"]
[EventDate "2022.04.12"]
[EventType "swiss"]
[EventCountry "MEX"]
[SourceTitle "playchess.com"]
[Source "ChessBase"]
[SourceQuality "1"]
[TimeControl "5400+30"]

1. a3 e5 2. c4 g6 3. Nc3 Bg7 4. g3 d6 5. Bg2 Nf6 6. d3 {[%emt 0:02:32] A20: English Opening: 1...e5.} O-O 7. e4 Na6 8. Nge2 {[%emt 0:02:05] The position is equal.} c6 9. O-O Nh5 10. Be3 Be6 {[%emt 0:06:36] [#]} 11. f3 $146 ({Predecessor:} 11. Rb1 Nc7 12. b4 Qd7 13. b5 cxb5 14. Nxb5 Nxb5 15. Rxb5 b6 16. Nc3 Qc7 17. Qd2 {1-0 (65) Saffioti,M (1820)-Mancin,M (1876) Ceriano Laghetto 2008}) 11... Nc7 12. Rc1 Nf6 13. Qd2 d5 14. cxd5 cxd5 {[%emt 0:00:02] [#] Strongly threatening ...d4.} 15. d4 exd4 16. Bxd4 dxe4 17. fxe4 Ng4 18. h3 Ne5 19. Qc2 Bc4 20. Rcd1 {[%emt 0:04:42] aiming for Bxe5.} Qg5 {[%emt 0:03:35] White is on the road to losing.} 21. h4 Qe7 22. Nd5 ({White should play} 22. Rfe1) 22... Nxd5 $17 23. exd5 Rac8 {[%emt 0:01:07][%cal Oc4d3,Ba8c8,Bc8c2,Bc2b2][%mdl 32] White must now prevent ...Bd3!} 24. Qe4 {[%emt 0:01:41] Prevents Bd3.} (24. Rfe1 $17 {was called for.}) 24... Nf3+ (24... f5 25. Qe3 $17) 25. Qxf3 (25. Bxf3 {is the only way for White.} Qxe4 26. Bxe4 Bxe2 27. Bxa7 (27. Bxg7 $2 Kxg7 28. Rd2 Bxf1 $19)) 25... Bxe2 $19 26. d6 Qe6 {[%emt 0:03:32] Chess con chili.} ({Inferior is} 26... Qxd6 27. Qxe2 Bxd4+ 28. Kh1 $17) (26... Bxd1 27. Bxg7 Bxf3 28. dxe7 $17) 27. Qf2 (27. Qe4 Bxd1 28. Bxg7 Qxe4 29. Bxe4 Kxg7 30. Rxd1) 27... Bxd1 28. Bxg7 {[%emt 0:00:17] [#]} Rc2 $1 29. Qe1 Qxe1 ({Not} 29... Kxg7 $2 30. Qxe6 fxe6 31. Rxd1 $19) 30. Rxe1 Kxg7 31. Rxd1 Rxb2 {[%emt 0:00:04] KRR-KRB. Black is clearly winning.} 32. Rd3 Rd8 33. Kh2 f5 34. Kh3 Kf6 35. g4 fxg4+ 36. Kxg4 Ke5 {[%emt 0:22:16] Weighted Error Value: White=0.51/Black=0.06 (flawless)} (36... Rxg2+ $142 37. Kf3 Rc2) 0-1

[Event "67th Mexican-ch Open 2022"]
[Site "Chihuahua"]
[Date "2022.04.14"]
[Round "2.9"]
[White "Cori Quispe, Kevin Joel"]
[Black "Blanco Fernandez, Alvaro"]
[Result "1-0"]
[ECO "B36"]
[WhiteElo "2492"]
[BlackElo "2216"]
[Annotator "TA"]
[PlyCount "74"]
[EventDate "2022.04.12"]
[EventType "swiss"]
[EventCountry "MEX"]
[SourceTitle "playchess.com"]
[Source "ChessBase"]
[SourceQuality "1"]
[TimeControl "5400+30"]

1. e4 c5 2. Nf3 g6 3. d4 cxd4 4. Nxd4 Nc6 5. c4 Nf6 6. Nc3 Nxd4 7. Qxd4 d6 8. Bg5 Bg7 9. Be2 O-O {[%emt 0:01:54] B36: Sicilian: Maroczy Bind: Gurgenidze System.} 10. Qd3 b6 11. O-O Bb7 {[%emt 0:01:10] White is slightly better.} 12. Rac1 {[%emt 0:05:46] [#]} Rc8 $146 ({Predecessor:} 12... Nd7 13. f3 Re8 14. Rfd1 Qc8 15. Qd2 Qc5+ 16. Be3 Bh6 17. Bxc5 Bxd2 18. Rxd2 Nxc5 {½-½ (53) Straub,J (2237)-Riediger,M (2200) Bayern 2006}) 13. f4 Rc5 14. Bh4 Qa8 15. b4 (15. Bf3 $1 $14) 15... Rcc8 (15... Rc7 $1 $11 {remains equal.}) 16. Bf3 (16. e5 $1 $16 dxe5 17. fxe5) 16... Rfd8 17. Rfe1 Rc7 18. Rc2 Rdc8 19. Nb5 {[%emt 0:03:19] And now e5 would win.} Rd7 20. Bxf6 {[%emt 0:07:53] &Bianco is more active.} (20. a3 $5 ) 20... Bxf6 21. e5 Bh4 {[%emt 0:02:19] [#]} 22. Bxb7 $1 Qxb7 23. Rd1 {[%emt 0:00:07] Threatens to win with Qh3.} Rcd8 {[%emt 0:08:21] [#]} (23... Rdd8 $1 $11 {keeps the balance.}) 24. e6 $1 $36 {[%emt 0:02:10][%mdl 2048] Black is under strong pressure.} ({Not} 24. exd6 a6 25. Qh3 Bf6 $17) 24... fxe6 {[%emt 0:00:02] [#]} 25. Nd4 $1 Bf6 $2 {[%emt 0:04:35] This move loses the game for Black.} (25... e5 $16 26. Ne6 exf4) 26. Nxe6 $18 Rc8 27. f5 Kf7 (27... g5 {is tougher.} 28. Qe2 Rb8) 28. fxg6+ hxg6 29. Nf4 Rg8 30. c5 $2 (30. Rf2 $18) 30... bxc5 $16 31. bxc5 {[%emt 0:00:07][%cal Bb4c5,Bc5c6,Bc6c7][%mdl 32] Black must now prevent c6.} d5 $2 (31... Qc6 {is a better chance.} 32. Rf2 (32. Qh3 d5 $16) 32... Qxc5) 32. c6 $18 Qb6+ 33. Kh1 Rd6 34. c7 Rc8 35. Qxg6+ Kf8 36. Qh7 Ke8 37. Nxd5 Rxc7 {[%emt 0:01:18] Weighted Error Value: White=0.18 (very precise) /Black=0.89} 1-0

[Event "67th Mexican-ch Open 2022"]
[Site "Chihuahua"]
[Date "2022.04.14"]
[Round "2.9"]
[White "Sauceda Castillo, Francisco"]
[Black "Cori Quispe, Kevin Joel"]
[Result "*"]
[WhiteElo "1842"]
[BlackElo "2492"]
[Annotator "TA"]
[PlyCount "33"]
[EventDate "2022.04.12"]
[EventType "swiss"]
[EventCountry "MEX"]
[SourceTitle "playchess.com"]
[Source "ChessBase"]
[SourceQuality "1"]
[TimeControl "5400+30"]

1. e4 c5 2. Nf3 g6 3. d4 cxd4 4. Nxd4 Nc6 5. c4 Nf6 6. Nc3 Nxd4 7. Qxd4 d6 8. Bg5 Bg7 9. Be2 O-O {[%emt 0:01:54] B36: Sicilian: Maroczy Bind: Gurgenidze System.} 10. Qd3 {[%emt 0:00:04] [#]} {Predecessor:} Be6 $146 11. O-O Qa5 12. f4 Rfc8 13. Nd5 Bxd5 14. cxd5 Nd7 15. Kh1 Nc5 16. Qe3 Bxb2 17. Rab1 {0-1 (32) Perez Gormaz,M (2413)-Priasmoro,N (2502) Chess.com INT 2021} *

[Event "67th Mexican-ch Open 2022"]
[Site "Chihuahua"]
[Date "2022.04.14"]
[Round "2.10"]
[White "Ibarra Chami, Luis Fernando"]
[Black "Gonzalez Cruz, Ian Josue"]
[Result "*"]
[WhiteElo "2451"]
[BlackElo "1814"]
[Annotator "TA"]
[PlyCount "37"]
[EventDate "2022.04.12"]
[EventType "swiss"]
[EventCountry "MEX"]
[SourceTitle "playchess.com"]
[Source "ChessBase"]
[SourceQuality "1"]
[TimeControl "5400+30"]

1. d4 d5 2. Nf3 Nf6 3. c4 e6 4. Nc3 Bb4 {[%emt 0:03:52] [#] An uneventful encounter.} {Predecessor:} 5. Bg5 $146 h6 6. Bxf6 {D38: Queen's Gambit Declined: Ragozin Defence (4 Nf3 Bb4).} Qxf6 7. e3 O-O 8. Rc1 dxc4 9. Bxc4 c5 10. O-O cxd4 11. Ne4 Qe7 12. a3 Ba5 13. exd4 Rd8 14. Ba2 Bd7 15. Qc2 Bc6 16. b4 Bb6 17. Rfe1 a5 18. h4 Bxe4 19. Rxe4 {½-½ (31) Mamedyarov,S (2776)-Dominguez Perez,L (2756) Berlin 2022} *

[Event "67th Mexican-ch Open 2022"]
[Site "Chihuahua"]
[Date "2022.04.14"]
[Round "2.10"]
[White "Quiroga Jaquez, Angel Ivan"]
[Black "Ibarra Chami, Luis Fernando"]
[Result "0-1"]
[ECO "E51"]
[WhiteElo "2185"]
[BlackElo "2451"]
[Annotator "TA"]
[PlyCount "60"]
[EventDate "2022.04.12"]
[EventType "swiss"]
[EventCountry "MEX"]
[SourceTitle "playchess.com"]
[Source "ChessBase"]
[SourceQuality "1"]
[TimeControl "5400+30"]

1. d4 d5 2. Nf3 Nf6 3. c4 e6 4. Nc3 Bb4 5. Bd2 O-O 6. e3 b6 7. cxd5 exd5 8. Ne5 {[%emt 0:02:20] E51: Nimzo-Indian: Rubinstein: 4...0-0 5 Nf3 d5.} Bd6 {[%emt 0:10:56] [#]} 9. f4 $146 ({Predecessor:} 9. Bd3 Re8 10. f4 Ba6 11. Bxa6 Nxa6 12. O-O c5 13. Be1 Nc7 14. Bh4 Be7 15. Rf3 Qd6 {½-½ (44) Cosman,A (2133)-Bulmaga,I (2396) Mamaia 2021}) 9... Bf5 (9... c5 $11) 10. Qf3 (10. Be2 $14) 10... c6 11. Rc1 Qe7 12. g4 Be4 13. Nxe4 Nxe4 14. Bd3 Bb4 (14... Bxe5 $5 15. fxe5 f6 16. Bxe4 dxe4 17. Qxe4 fxe5 $11) 15. Bxe4 dxe4 16. Qg2 ({Inferior is} 16. Qxe4 f6 17. a3 Bxd2+ 18. Kxd2 fxe5 19. dxe5 Nd7 $17) 16... f6 17. Nc4 ({Better is} 17. Nxc6 $14 Nxc6 18. Rxc6) 17... Nd7 (17... Na6 $11) 18. a3 (18. O-O $14) 18... Bxd2+ $1 $11 19. Nxd2 c5 20. O-O ({Avoid the trap} 20. Nxe4 $2 Rae8 21. dxc5 Qxe4 22. Qxe4 Rxe4 $19) 20... cxd4 21. Rc4 dxe3 22. Rxe4 Qd6 23. Rxe3 Rae8 24. Qf2 Nc5 $1 25. Rxe8 ({White should try} 25. Nc4 $15 Qd7 26. Qe2) 25... Rxe8 $17 26. Re1 (26. g5 $17) 26... Rxe1+ 27. Qxe1 {[%emt 0:00:04] [#]} Qd4+ $1 28. Kg2 Kf8 {[%emt 0:01:37] Prevents Qe8+. Hoping for ...Nd3.} 29. b4 $2 (29. Qf2 $17 Qxb2 30. Qe3) 29... Nd3 $19 30. Qd1 (30. Qf1 $19) 30... Qf2+ {[%emt 0:00:41] Weighted Error Value: White=0.47/Black=0.18 (very precise)} 0-1

[Event "67th Mexican-ch Open 2022"]
[Site "Chihuahua"]
[Date "2022.04.14"]
[Round "2.11"]
[White "Perez Gormaz, Matias"]
[Black "Luna Javier, Edgar Froylan"]
[Result "1/2-1/2"]
[ECO "B22"]
[WhiteElo "2404"]
[BlackElo "2148"]
[Annotator "TA"]
[PlyCount "115"]
[EventDate "2022.04.12"]
[EventType "swiss"]
[EventCountry "MEX"]
[SourceTitle "playchess.com"]
[Source "ChessBase"]
[SourceQuality "1"]
[TimeControl "5400+30"]

1. e4 c5 2. c3 Nf6 3. e5 Nd5 4. Nf3 Nc6 5. Bc4 e6 6. d4 {[%emt 0:00:20] B22: Sicilian: 2 c3.} d6 7. O-O dxe5 8. dxe5 {[%emt 0:00:07] The position is equal.} Be7 9. Qe2 O-O (9... a6 $11 {keeps the balance.}) 10. Rd1 Qc7 11. Bxd5 ({Better is} 11. Qe4 $16) 11... exd5 $11 12. Rxd5 Be6 13. Rd1 Rad8 {[%emt 0:01:11][%cal Oe6c4] [#]} 14. Rxd8 $146 ({Predecessor:} 14. Re1 Bf5 15. Bf4 Qb6 16. b3 c4 17. Be3 Bc5 18. Nbd2 Bd3 19. Bxc5 Qxc5 20. Qe3 Qxe3 21. Rxe3 cxb3 22. axb3 {1-0 (38) Jensen,A (2245)-Knudsen,O (2290) Espergarde 1978}) 14... Rxd8 15. Bf4 $1 Qb6 {[%emt 0:17:47][%cal Ob6b2] And now ...Qxb2! would win.} 16. Na3 Bd5 17. h3 Na5 (17... h6 $11) 18. b3 $14 Qc6 19. Rd1 a6 {[%emt 0:13:06] Prevents Nb5.} 20. Nc2 Bxf3 21. Rxd8+ Bxd8 22. Qxf3 (22. gxf3 $16 Qg6+ 23. Kh2) 22... Qxf3 $11 23. gxf3 $14 {[%emt 0:00:04][%mdl 4096] Endgame KBN-KBN} Nc6 24. Bg3 Ba5 25. c4 Bc3 (25... Nd4 $1 $11 26. Nxd4 cxd4) 26. f4 Kf8 27. Kf1 f6 28. e6 ({White should try} 28. Ke2 $16) 28... Nd4 $11 29. Ne3 Bd2 30. f5 Bxe3 31. Bd6+ Ke8 32. fxe3 Nxf5 33. Bxc5 {[%emt 0:00:02] KB-KN} Ng3+ 34. Kg2 Ne4 35. Ba3 b6 36. h4 Nc5 37. e7 h5 38. Kf3 g5 39. b4 g4+ 40. Kf4 $2 (40. Kg2 $11 Ne4 41. b5) 40... Ne6+ $2 ({Black should play} 40... Nd3+ $19 41. Ke4 Nf2+ 42. Kf4 b5) 41. Kg3 ({Don't blunder} 41. Kf5 $2 g3 $1 42. Kxe6 g2 $19) 41... b5 42. c5 Kxe7 43. e4 {[%emt 0:00:17] [#]} Nd4 $1 {[%emt 0:00:44] aiming for ...Nc2.} 44. Bb2 Ne2+ 45. Kf2 Nf4 {[%emt 0:00:00] Strongly threatening ...Nd3+.} 46. Bc3 (46. Kf1 $15) 46... Ke6 (46... g3+ {is interesting.} 47. Kf3 g2 48. Bd4 Nd3) 47. a3 Ke7 48. Bd2 $2 (48. Ba1 $17) 48... Ng6 49. Kg3 (49. c6 $142) 49... Ne5 $19 50. Bc3 ({White must play} 50. Be3 $19) 50... Nc4 $17 51. Kf4 Ke6 (51... Nxa3 $17 {Threatens to win with ...Nc4.} 52. e5 fxe5+ 53. Bxe5 Nc2) 52. c6 $1 $15 {[%emt 0:00:50] [#]} Ne5 $1 ({Don't play} 52... Kd6 53. Bxf6 Nxa3 54. Be5+ Kxc6 55. Kg5 $11) 53. Bxe5 fxe5+ 54. Kg3 Kd6 55. Kg2 Kxc6 56. Kg3 (56. Kf2 $15) 56... a5 57. Kg2 (57. bxa5 Kb7 58. Kg2 Ka6 59. Kg3 Kxa5 60. Kh2 Ka4 61. Kg2 Kxa3 62. Kf2 b4 63. Ke2 b3 64. Kd3 b2 65. Kc4 b1=Q 66. Kc5 g3 67. Kd6 g2 68. Ke6 g1=Q 69. Kf7 Qb7+ 70. Kf8 Qgg7+ 71. Ke8 Qh8#) 57... Kd7 58. Kg3 {[%emt 0:00:03] Weighted Error Value: White=0.27 (precise) /Black=0.22 (precise)} (58. bxa5 {leads to mate.} Kc6 59. a6 Kb6 60. a7 Kxa7 61. Kh1 Kb6 62. Kh2 Ka5 63. Kg2 Ka4 64. Kg3 Kxa3 65. Kf2 b4 66. Ke3 b3 67. Kd3 b2 68. Kc4 b1=Q 69. Kc5 g3 70. Kd6 g2 71. Ke7 g1=Q 72. Kf6 Qbb6+ 73. Kf5 Qgg6+ 74. Kxe5 Qbd6#) 1/2-1/2

[Event "67th Mexican-ch Open 2022"]
[Site "Chihuahua"]
[Date "2022.04.14"]
[Round "2.11"]
[White "Steinberg, Ellis"]
[Black "Perez Gormaz, Matias"]
[Result "*"]
[WhiteElo "1808"]
[BlackElo "2404"]
[Annotator "TA"]
[PlyCount "42"]
[EventDate "2022.04.12"]
[EventType "swiss"]
[EventCountry "MEX"]
[SourceTitle "playchess.com"]
[Source "ChessBase"]
[SourceQuality "1"]
[TimeControl "5400+30"]

1. e4 c5 2. c3 Nf6 3. e5 Nd5 4. Nf3 Nc6 5. Bc4 e6 6. d4 {[%emt 0:00:20] B22: Sicilian: 2 c3.} d6 7. O-O {[%emt 0:01:36] [#] An uneventful encounter.} {Predecessor:} cxd4 $146 8. cxd4 Nb6 9. Bb3 dxe5 10. dxe5 Qxd1 11. Rxd1 Be7 12. Nc3 O-O 13. Be3 Nd7 14. Bf4 Nc5 15. Bc2 b6 16. Ne4 Nb4 17. Bb1 Bb7 18. Nd6 Bxf3 19. gxf3 Rad8 20. Be3 Nd5 21. Bxc5 bxc5 {0-1 (40) Zarnicki,P (2514)-Andreikin,D (2724) Chess.com INT 2022} *

[Event "67th Mexican-ch Open 2022"]
[Site "Chihuahua"]
[Date "2022.04.14"]
[Round "2.12"]
[White "Fernandez Hernandez, Arturo A."]
[Black "Martinez Martinez, Ian Alf"]
[Result "*"]
[WhiteElo "2376"]
[BlackElo "1821"]
[Annotator "TA"]
[PlyCount "36"]
[EventDate "2022.04.12"]
[EventType "swiss"]
[EventCountry "MEX"]
[SourceTitle "playchess.com"]
[Source "ChessBase"]
[SourceQuality "1"]
[TimeControl "5400+30"]

1. Nf3 d5 2. b3 Bg4 3. Bb2 Nd7 4. g3 Ngf6 5. Bg2 e6 6. O-O Bd6 {[%emt 0:01:26] [#] Not much happened in this game. A12: English Opening: 1...c6 with b3 by White.} {Predecessor:} 7. c4 $146 c6 8. d3 O-O 9. Nbd2 Re8 10. a3 a5 11. Qc2 e5 12. h3 Bh5 13. Nh4 Rc8 14. Rfe1 b5 15. e3 Bb8 16. Rac1 Nb6 17. g4 Bg6 18. Nxg6 hxg6 {0-1 (132) Sviridov,V (2561)-Nepomniachtchi,I (2773) Chess.com INT 2022} *

[Event "67th Mexican-ch Open 2022"]
[Site "Chihuahua"]
[Date "2022.04.14"]
[Round "2.12"]
[White "Avila Bautista, Roberto Al"]
[Black "Fernandez Hernandez, Arturo A."]
[Result "1/2-1/2"]
[ECO "D11"]
[WhiteElo "2090"]
[BlackElo "2376"]
[Annotator "TA"]
[PlyCount "41"]
[EventDate "2022.04.12"]
[EventType "swiss"]
[EventCountry "MEX"]
[SourceTitle "playchess.com"]
[Source "ChessBase"]
[SourceQuality "1"]
[TimeControl "5400+30"]

1. Nf3 d5 2. b3 Bg4 3. Bb2 Nd7 4. g3 Ngf6 5. Bg2 e6 6. O-O Bd6 7. c4 c6 {[%emt 0:02:00] is the new trend.} 8. d4 Qb8 9. Nbd2 {[%emt 0:07:51] D11: Slav Defence: 3 Nf3 sidelines and 3...Nf6 4 e3 Bg4.} h6 10. Qe1 O-O 11. e4 {[%emt 0:05:21][%cal Be2e4,Be4e5][%mdl 32] White is slightly better.} Bb4 {[%emt 0:00:55] [#]} 12. a3 $146 ({Predecessor:} 12. e5 Ne4 13. Qe3 f5 14. exf6 Nxd2 15. Nxd2 Rxf6 16. f4 Bxd2 17. Qxd2 Bf5 18. Qe2 {0-1 (32) Ionov,S (2515)-Solozhenkin,E (2415) Miedzybrodzie 1991}) 12... Ba5 13. b4 Bc7 14. Qe3 Re8 (14... dxe4 $14 15. Nxe4 Nxe4 16. Qxe4 Bf5) 15. e5 $36 {[%emt 0:05:21][%mdl 2048] White is on the roll.} Nh7 16. h3 Bxf3 17. Bxf3 b5 18. c5 {[%emt 0:01:51] White is clearly better.} a5 19. Be2 {[%emt 0:01:54] &Bianco is more active.} axb4 20. axb4 Qb7 21. f4 {[%emt 0:07:16] Weighted Error Value: White=0.08 (flawless) /Black=0.18 (very precise)} 1/2-1/2

[Event "67th Mexican-ch Open 2022"]
[Site "Chihuahua"]
[Date "2022.04.14"]
[Round "2.13"]
[White "Galaviz Medina, Sion Radamantys"]
[Black "Hernandez Jimenez, Alexander Andres"]
[Result "1-0"]
[ECO "E38"]
[WhiteElo "2374"]
[BlackElo "2167"]
[Annotator "TA"]
[PlyCount "53"]
[EventDate "2022.04.12"]
[EventType "swiss"]
[EventCountry "MEX"]
[SourceTitle "playchess.com"]
[Source "ChessBase"]
[SourceQuality "1"]
[TimeControl "5400+30"]

1. d4 Nf6 2. c4 e6 3. Nc3 Bb4 4. Qc2 c5 5. dxc5 Na6 6. a3 Bxc3+ 7. Qxc3 Nxc5 8. f3 d5 9. cxd5 Qxd5 (9... b6 $142) 10. e4 $16 {[%emt 0:00:42] E38: Nimzo-Indian: Classical: 4...c5.} Qh5 11. Be3 {[%emt 0:03:22] [#]} b6 $146 ({Predecessor:} 11... Ncd7 12. Nh3 O-O 13. Be2 b6 14. Nf4 Qe5 15. Qxe5 Nxe5 16. Rc1 Bb7 17. Rc7 Rab8 {1-0 (38) Gordievsky,D (2559)-Antonica,D (2301) Chess.com INT 2020}) 12. g4 (12. Ne2 $142 {Black must now prevent Nf4.} O-O 13. Nf4) 12... Qh4+ 13. Bf2 {[%emt 0:00:08] This bishop pair is nice.} Qh6 (13... Qxf2+ $16 {was worth a try.} 14. Kxf2 Nfxe4+ 15. fxe4 Nxe4+ 16. Ke3 Nxc3) 14. Nh3 {[%emt 0:00:07] [#] And now g5 would win.} ({But not} 14. Bxc5 $6 bxc5 15. h4 (15. Qxc5 Qh4+ 16. Qf2 Qxf2+ 17. Kxf2 O-O $16) 15... Qf4 $16) 14... Nfd7 15. b4 $36 {[%emt 0:02:53][%mdl 2048] Black is under strong pressure.} Nb7 (15... Na4 $142 16. Qc6 Qf6) 16. g5 $18 Qg6 17. Bb5 Nd6 $2 (17... O-O {is more resistant.} 18. Rd1 Rd8) 18. Bc6 Bb7 19. Rd1 Bxc6 20. Qxc6 O-O 21. Qxd6 Rfd8 22. O-O Nf8 23. Qxd8 Rxd8 24. Rxd8 Qh5 {[%emt 0:02:58] [#]} 25. Rc1 $1 {[%emt 0:00:26][%cal Oc1c8] Intending Rcc8! and mate.} Qxh3 (25... Qxf3 26. Rcc8) 26. Rcc8 h6 27. g6 {[%emt 0:00:03] Weighted Error Value: White=0.12 (very precise) /Black=0.89} 1-0

[Event "67th Mexican-ch Open 2022"]
[Site "Chihuahua"]
[Date "2022.04.14"]
[Round "2.13"]
[White "Rivera Garcia, David Moises"]
[Black "Galaviz Medina, Sion Radamantys"]
[Result "*"]
[WhiteElo "1780"]
[BlackElo "2374"]
[Annotator "TA"]
[PlyCount "35"]
[EventDate "2022.04.12"]
[EventType "swiss"]
[EventCountry "MEX"]
[SourceTitle "playchess.com"]
[Source "ChessBase"]
[SourceQuality "1"]
[TimeControl "5400+30"]

1. d4 Nf6 2. c4 e6 3. Nc3 Bb4 4. Qc2 c5 5. dxc5 Na6 {[%emt 0:01:13] [#]} {Predecessor:} 6. a3 $146 {E38: Nimzo-Indian: Classical: 4...c5.} Bxc3+ 7. Qxc3 Nxc5 8. b4 Nce4 9. Qc2 d5 10. f3 Nd6 11. c5 Nf5 12. e3 e5 13. Bb5+ Kf8 14. Ne2 a5 15. Rb1 axb4 16. axb4 d4 17. e4 Nh4 18. O-O {1-0 (34) So,W (2770)-Duda,J (2743) Chess.com INT 2020} *

[Event "67th Mexican-ch Open 2022"]
[Site "Chihuahua"]
[Date "2022.04.14"]
[Round "2.14"]
[White "Diaz Rosas, Julio Cesar"]
[Black "Pena Davalos, David"]
[Result "*"]
[ECO "C83"]
[WhiteElo "2393"]
[BlackElo "1761"]
[Annotator "TA"]
[PlyCount "41"]
[EventDate "2022.04.12"]
[EventType "swiss"]
[EventCountry "MEX"]
[SourceTitle "playchess.com"]
[Source "ChessBase"]
[SourceQuality "1"]
[TimeControl "5400+30"]

1. e4 e5 2. Nf3 Nc6 3. Bb5 a6 4. Ba4 Nf6 5. O-O Nxe4 6. d4 b5 7. Bb3 d5 8. dxe5 Be6 9. Nbd2 Be7 10. c3 O-O {[%emt 0:00:25] [#]} {Predecessor:} 11. Bc2 $146 {C83: Open Ruy Lopez: 9 c3 Be7.} f5 12. exf6 Nxf6 13. a4 b4 14. Re1 Bg4 15. h3 Bh5 16. Nf1 Bc5 17. Be3 Qd6 18. Ng3 Bxf3 19. Qxf3 Ne5 20. Qe2 Bxe3 21. Qxe3 {1-0 (48) Vachier Lagrave,M (2761)-Matlakov,M (2674) Warsaw 2021} *